 Dungeon Crawl Stone Soup version 0.24.1-14-gf8d2b509d9 (webtiles) character file.

Game seed: 14188236741183145908, levelgen mode: deterministic

2817 Gabide the Spear-Bearer (level 10, 0/111 HPs)
             Began as a Human Chaos Knight on May 20, 2020.
             Was a Plaything of Xom.
             Killed by divine providence
             ... invoked by an orc priest
              (15 damage)
             ... on level 7 of the Dungeon.
             The game lasted 00:19:00 (4780 turns).

Gabide the Spear-Bearer (Human Chaos Knight)        Turns: 4780, Time: 00:19:02

Health: 0/111      AC: 25    Str: 15    XL:     10   Next: 3%
Magic:  10/10      EV:  2    Int: 13    God:    Xom [...*..]
Gold:   278        SH:  0    Dex: 13    Spells: 9/9 levels left

rFire    . . .     SeeInvis .   t - +1 glaive
rCold    . . .     Gourm    .   (shield currently unavailable)
rNeg     + + +     Faith    .   (armour currently unavailable)
rPois    +         Spirit   .   (helmet currently unavailable)
rElec    .         Reflect  .   (cloak currently unavailable)
rCorr    .         Harm     .   (gloves currently unavailable)
MR       .....     NoTele   +   (boots currently unavailable)
Stlth    +.........             n - amulet of regeneration
HPRegen  0.68/turn              i - ring of wizardry
MPRegen  0.12/turn              (no ring)

@: tree-form
A: repulsion field 1
a: Renounce Religion


You were on level 7 of the Dungeon.
You worshipped Xom.
You were a favourite toy of Xom.
You were hungry.
You were a tree.
You visited 1 branch of the dungeon, and saw 7 of its levels.
You also visited: Ossuary.

You collected 278 gold pieces.

Inventory:

Hand Weapons
 a - a +1 spear of chaos
 c - a +0 great mace
 t - a +1 glaive (weapon)
 z - a +0 battleaxe
Missiles
 r - 7 boomerangs (quivered)
Armour
 b - a +3 leather armour (melded)
 m - a +1 cloak (melded)
 x - the +0 ring mail of Pathos {rCorr Str+3 Int+3 Dex-5}
   (You found it on level 5 of the Dungeon)

   It affects your strength (+3).
   It affects your intelligence (+3).
   It affects your dexterity (-5).
   It provides partial protection from all sources of acid and corrosion.
Jewellery
 i - a ring of wizardry (left branch)
 n - an amulet of regeneration (around neck)
Wands
 o - a wand of enslavement (9)
 u - a wand of random effects (16)
Scrolls
 j - 4 scrolls of remove curse
 p - a scroll of teleportation
 A - 2 scrolls of magic mapping
Potions
 d - 2 potions of mutation {unknown}
 e - a potion of cancellation {unknown}
 g - 3 potions of curing {unknown}
 h - a potion of berserk rage {unknown}
 k - 5 potions of haste {unknown}
 l - a potion of lignification
 q - a potion of degeneration {unknown}
 s - 2 potions of invisibility {unknown}
 B - a potion of resistance
Miscellaneous
 C - a fan of gales (inert)
Comestibles
 v - 3 rations


   Skills:
 + Level 5.2 Fighting
 - Level 3.8 Maces & Flails
 * Level 11.1 Polearms
 - Level 0.1 Throwing
 + Level 3.3 Armour
 + Level 3.2 Dodging
 - Level 0.4 Stealth


You had 9 spell levels left.
You didn't know any spells.
Your spell library was empty.

Dungeon Overview and Level Annotations

Branches:
Dungeon (7/15)             Temple (0/1) D:4         Ossuary (visited)

Altars:
Cheibriados
Fedhas
Hepliaklqana
Qazlal
Sif Muna
Trog
Uskayaw
Vehumet
Wu Jian
Xom
Yredelemnul


Innate Abilities, Weirdness & Mutations

You are surrounded by a mild repulsion field. (EV +2)
((You are resistant to electric shocks. (rElec)))


Message History

The orc priest looks even sicker.
You kill the orc!
The hound bites you but does no damage.
You closely miss the hound.
The hound is lightly wounded.
The black bear looks even sicker.
The orc looks even sicker.
The orc priest looks even sicker.
Your toxic aura wanes.
You kill the orc!
The hound bites you but does no damage.
The orc priest mumbles some strange prayers to Beogh against you.
Beogh smites you!
* * * LOW HITPOINT WARNING * * *
You closely miss the hound.
The hound is moderately wounded.
The hound bites you but does no damage. The hound barely misses you.
The orc priest mumbles some strange prayers to Beogh against you.
Beogh smites you!
You die...
Xom roars with laughter!

#.....
.....#..#..######.#
#..$##.....##.#......##..
#...................###.
##.##.....##.#......# #.
#.)#.....#..#......###.
##.)##.##..##..<.....#.
##oW#.#..##.......#...
##hh...##........####
#..###♣###.........#
#.................#
#........##########
##########


You could see a wraith, a black bear, a hound and an orc priest.

Vanquished Creatures
  Pikel (D:4)
  Prince Ribbit (D:6)
  Eustachio (D:5)
  Edmund (D:4)
  Duvessa (D:5)
  2 orc warriors
  An ice beast (D:5)
  An ogre (D:5)
  A centaur (D:6)
  Blork the orc (D:5)
  A water moccasin zombie (Ossuary)
  Dowan (D:5)
  3 scorpions
  A howler monkey (D:5)
  A crimson imp (D:5)
  3 orc priests
  A jelly (D:7)
  5 orc wizards
  Natasha (D:2)
  An iguana (D:6)
  Terence (D:2)
  6 worker ants
  A statue (D:4)
  4 big kobold zombies (Ossuary)
  A hound zombie (D:7)
  2 mummies (Ossuary)
  7 gnolls (D:3)
  8 adders
  2 shadow imps
  An ooze (D:3)
  An adder skeleton (D:5)
  10 adder zombies
  3 worms (D:4)
  A dart slug (D:1)
  3 leopard geckos
  21 orcs
  3 ball pythons
  4 giant cockroaches
  7 gnoll zombies (Ossuary)
  11 goblins
  11 hobgoblins
  5 quokkas
  10 bats
  5 frilled lizards
  3 hobgoblin zombies (Ossuary)
  13 kobolds
  7 kobold zombies (Ossuary)
  A leopard gecko skeleton (D:6)
  3 orc zombies (Ossuary)
  9 rats
193 creatures vanquished.

Vanquished Creatures (collateral kills)
  An orc wizard (D:6)
  An orc (D:6)
2 creatures vanquished.

Vanquished Creatures (others)
  An orc (D:7)
1 creature vanquished.

Grand Total: 196 creatures vanquished

Notes
Turn   | Place    | Note
-------+----------+-------------------------------------------
     0 | D:1      | Gabide the Human Chaos Knight began the quest for the Orb.
     0 | D:1      | Reached XP level 1. HP: 18/18 MP: 1/1
   115 | D:1      | XOM: divination: detect items
   460 | D:1      | Reached XP level 2. HP: 24/24 MP: 2/2
   489 | D:1      | XOM: harmless Ice miscast
   704 | D:1      | Reached XP level 3. HP: 29/29 MP: 3/3
   856 | D:2      | Found a basalt altar of Yredelemnul.
   857 | D:2      | Found a bloodstained altar of Trog.
   859 | D:2      | Found a blossoming altar of Fedhas.
   859 | D:2      | Found an ornate altar of the Wu Jian Council.
   861 | D:2      | Found a hide-covered altar of Uskayaw.
   861 | D:2      | Found a shimmering altar of Xom.
   863 | D:2      | Found a stormy altar of Qazlal.
   903 | D:2      | Noticed Natasha
   914 | D:2      | XOM: silly message
   916 | D:2      | XOM: potion effect (brilliance)
   949 | D:2      | XOM: divination: detect items
  1123 | D:2      | Noticed Terence
  1145 | D:2      | Killed Terence
  1145 | D:2      | Reached skill level 4 in Polearms
  1145 | D:2      | Reached XP level 4. HP: 18/35 MP: 4/4
  1238 | D:2      | XOM: potion effect (might)
  1317 | D:2      | Killed Natasha
  1348 | D:2      | Reached XP level 5. HP: 42/42 MP: 5/5
  1505 | D:2      | XOM: divination: detect creatures
  1728 | D:2      | Reached skill level 1 in Maces & Flails
  1797 | D:2      | XOM: noise
  1873 | D:3      | XOM: confuse monster(s)
  1914 | D:3      | Reached XP level 6. HP: 26/48 MP: 6/6
  2054 | D:3      | XOM: harmless Pois miscast
  2291 | D:3      | Found a faded altar of an unknown god.
  2338 | D:3      | XOM: harmless Chrm miscast
  2453 | D:3      | XOM: divination: magic mapping
  2506 | D:4      | Noticed Edmund
  2511 | D:4      | XOM: cast spell 'Call Canine Familiar'
  2538 | D:4      | Killed Edmund
  2538 | D:4      | Reached skill level 5 in Polearms
  2538 | D:4      | Reached XP level 7. HP: 28/54 MP: 7/7
  2630 | D:4      | Found a staircase to the Ecumenical Temple.
  2676 | D:4      | Noticed Pikel
  2684 | D:4      | XOM: noise
  2696 | D:4      | Killed Pikel
  2696 | D:4      | Reached skill level 7 in Polearms
  2696 | D:4      | Reached XP level 8. HP: 49/61 MP: 8/8
  2913 | D:4      | Found a shimmering blue altar of Sif Muna.
  3060 | D:4      | XOM: divination: magic mapping
  3131 | D:4      | Found a radiant altar of Vehumet.
  3294 | D:5      | Entered Level 5 of the Dungeon
  3294 | D:5      | Noticed Dowan
  3298 | D:5      | Noticed Duvessa
  3300 | D:5      | Killed Dowan
  3300 | D:5      | XOM: confuse monster(s)
  3310 | D:5      | Killed Duvessa
  3377 | D:5      | Reached skill level 8 in Polearms
  3398 | D:5      | Got a faintly humming ring mail
  3420 | D:5      | Identified the cursed +0 ring mail of Pathos {rCorr Str+3
                  | Int+3 Dex-5} (You found it on level 5 of the Dungeon)
  3446 | D:5      | Noticed Blork the orc
  3465 | D:5      | Killed Blork the orc
  3465 | D:5      | Reached XP level 9. HP: 67/67 MP: 9/9
  3542 | D:5      | Found a snail-covered altar of Cheibriados.
  3550 | D:5      | XOM: smoke on damage
  3585 | D:5      | Noticed Eustachio
  3614 | D:5      | XOM: enchant monster (good)
  3625 | D:5      | XOM: confuse monster(s)
  3638 | D:5      | Killed Eustachio
  3638 | D:5      | Reached skill level 9 in Polearms
  3831 | D:5      | XOM: give mutation
  3831 | D:5      | Gained mutation: You are surrounded by a mild repulsion
                  | field. (EV +2) [Xom's grace]
  3861 | D:5      | XOM: give mutation
  3861 | D:5      | Gained mutation: You are resistant to electric shocks.
                  | (rElec) [Xom's grace]
  3864 | D:5      | Found a bloodstained altar of Trog.
  4061 | D:6      | Reached skill level 5 in Fighting
  4150 | D:6      | Found a sand-covered staircase.
  4155 | Ossuary  | Entered an ossuary
  4372 | D:6      | XOM: divination: detect items
  4399 | D:6      | XOM: blink monster(s)
  4481 | D:6      | Reached skill level 10 in Polearms
  4571 | D:6      | Noticed Prince Ribbit
  4587 | D:6      | XOM: butterfly on damage
  4590 | D:6      | Killed Prince Ribbit
  4605 | D:6      | Found a hazy altar of Hepliaklqana.
  4647 | D:6      | XOM: 2-stop teleportation journey
  4738 | D:7      | XOM: fake destruction
  4777 | D:7      | XOM: cast spell 'Olgreb's Toxic Radiance'
  4778 | D:7      | Reached skill level 11 in Polearms
  4778 | D:7      | Reached XP level 10. HP: 22/74 MP: 10/10
  4780 | D:7      | Killed from afar by an orc priest

Levels and vault maps discovered:
D:1:      roderic_crossed_star, layout_basic
D:2:      layout_basic, grunt_temple_overflow_open, uniq_natasha, uniq_terence
D:3:      layout_rooms, chequers_ecumenical_altar_simple
D:4:      layout_basic, overflow_temple_1_default, vehumet_statue,
          minmay_temple_entry_sparse_star, first_ration, uniq_edmund, uniq_pikel
D:5:      layout_cave_pools, nicolae_overflow_crystal_walls, amethyst_killhole,
          trog_hazing_becter, uniq_blork_the_orc, uniq_duvessa, uniq_eustachio
D:6:      layout_basic, nicolae_overflow_hidden_temple, enter_ossuary_5,
          hangedman_decor_slide_cut, uniq_prince_ribbit1, uniq_grinder
D:7:      minmay_the_grid_octo_triangle [minmay_the_grid_octo_horde,
          minmay_the_grid_octo_prize_ultimate_mussel_roller,
          minmay_the_grid_octo_vomiting_pacman], layout_rooms,
          lemuel_zombie_altar_kikubaaqudgha, minivault_27,
          kennysheep_windowed_goal

Skill      XL: |  1  2  3  4  5  6  7  8  9 |
---------------+----------------------------+-----
Polearms       | 4 5 7 8 11 | 11.1
Maces & Flails | 2 3 |  3.8
Fighting       | 4 5 |  5.2
Dodging        | 2 3 |  3.2
Armour         | 3 |  3.3
Throwing       | |  0.1
Stealth        | |  0.4

Action                   |  1- 3 |  4- 6 |  7- 9 | 10-12 || total
-------------------------+-------+-------+-------+-------++-------
Melee: Spear             |   106 |     7 |       |       ||   113
       Great mace        |       |   137 |       |       ||   137
       Glaive            |       |    69 |   391 |     2 ||   462
Throw: Boomerang         |       |       |     5 |       ||     5
Evoke: Wand              |       |       |     2 |       ||     2
       Fan of gales      |       |       |     1 |       ||     1
  Use: Scroll            |     6 |     2 |     5 |       ||    13
       Potion            |       |     3 |     3 |       ||     6
 Stab: Paralysed         |     3 |       |       |       ||     3
       Sleeping          |     1 |       |     2 |       ||     3
       Confused          |       |     1 |     5 |       ||     6
  Eat: Ration            |       |     1 |       |       ||     1
       Chunk             |       |     2 |     8 |       ||    10
Armor: Leather armour    |    27 |    80 |    79 |       ||   186
       Skin              |       |    19 |     5 |     3 ||    27
Dodge: Dodged            |    42 |   162 |   223 |     1 ||   428
